 Dungeon Crawl Stone Soup version 0.27.1-1-g398f81649c (webtiles) character file.

Game seed: 11257960194100269031

46 Descartes the Twirler (level 3, -6/18 HPs)
             Began as a Spriggan Wanderer on Sept 6, 2021.
             Mangled by an ogre (24 damage)
             ... on level 3 of the Dungeon.
             The game lasted 00:05:45 (2459 turns).

Descartes the Twirler (Spriggan Wanderer)           Turns: 2459, Time: 00:05:46

Health: -6/18      AC:  2    Str:  8    XL:     3   Next: 46%
Magic:  1/6        EV: 15    Int: 14    God:
Gold:   48         SH:  0    Dex: 14    Spells: 3/4 levels left

rFire    . . .     SeeInvis +   a - +0 dagger (venom)
rCold    . . .     Faith    .   (shield restricted)
rNeg     + . .     Spirit   .   c - +0 robe
rPois    .         Reflect  .   (helmet restricted)
rElec    .         Harm     .   (no cloak)
rCorr    .         Rampage  .   (gloves unavailable)
Will     .....                  (boots unavailable)
Stlth    +.........             (no amulet)
HPRegen  0.06/turn              d - ring of positive energy
MPRegen  0.10/turn              (no ring)

@: very quick
A: very small, no large weapons, unfitting armour, see invisible, speed 3
a: no special abilities


You were on level 3 of the Dungeon.
You visited 1 branch of the dungeon, and saw 3 of its levels.

You collected 48 gold pieces.

Inventory:

Hand Weapons
 a - a +0 dagger of venom (weapon)
 b - a +0 hunting sling
 r - a +0 quarterstaff
Missiles
 i - 21 sling bullets
 l - 40 stones
 q - 6 poisoned darts
Armour
 c - a +0 robe (worn)
 f - a +0 buckler
Jewellery
 d - a ring of positive energy (left hand)
Wands
 j - a wand of polymorph (7)
Scrolls
 e - a scroll of vulnerability {unknown}
 g - 2 scrolls of immolation {unknown}
 h - 2 scrolls of identify {unknown}
 m - a scroll of enchant armour {unknown}
 n - a scroll of holy word {unknown}
Potions
 k - a potion of attraction {unknown}
 o - a potion of curing {unknown}
Miscellaneous
 p - a lightning rod (4/4)


   Skills:
 - Level 1.5 Fighting
 - Level 2.1 Staves
 - Level 1.0 Throwing
 + Level 0.0 Stealth
 + Level 0.7 Shields
 - Level 1.3 Spellcasting
 + Level 1.3 Conjurations
 + Level 1.4 Fire Magic
 - Level 1.0 Air Magic
 - Level 1.0 Earth Magic
 - Level 1.3 Evocations


You had 3 spell levels left.
You knew the following spells:

 Your Spells              Type           Power      Damage    Failure   Level
a - Foxfire               Conj/Fire      16%        2x1d4     14%         1

Your spell library contained the following spells:

 Spells                   Type           Power      Damage    Failure   Level
 Slow                     Hex            0%         N/A       36%         2
 Ignite Poison            Fire/Tmut/Pois 2%         N/A       54%         3
 Confusing Touch          Hex            0%         N/A       58%         3
 Vampiric Draining        Necr           0%         2d6       58%         3


Dungeon Overview and Level Annotations

Branches:
Dungeon (3/15)

Altars:

Annotations:
D:3 Natasha


Innate Abilities, Weirdness & Mutations

You are very small and have problems with some larger weapons.
You are too small for most types of armour.
You have supernaturally acute eyesight. (SInv)
You cover ground extremely quickly. (Speed+++)


Message History

Casting: Foxfire (safe; 14% risk of failure)
Confirm with . or Enter, or press ? or * to list all spells.
You conjure some foxfire!
The ogre shouts!
Casting: Foxfire (safe; 14% risk of failure)
Confirm with . or Enter, or press ? or * to list all spells.
You conjure some foxfire!
The foxfire hits the ogre but does no damage.
The foxfire hits the ogre.
The ogre is lightly wounded.
Casting: Foxfire (safe; 14% risk of failure)
Confirm with . or Enter, or press ? or * to list all spells.
You conjure some foxfire!
The foxfire hits the ogre.
The ogre is moderately wounded.
The foxfire hits the ogre.
The ogre is moderately wounded.
The foxfire hits the ogre.
The ogre is moderately wounded.
Casting: Foxfire (safe; 14% risk of failure)
Confirm with . or Enter, or press ? or * to list all spells.
You conjure some foxfire!
Casting: Foxfire (safe; 14% risk of failure)
Confirm with . or Enter, or press ? or * to list all spells.
You conjure some foxfire!
The foxfire hits the ogre.
The ogre is heavily wounded.
The foxfire hits the ogre.
The ogre is severely wounded.
The foxfire hits the ogre.
The ogre is severely wounded.
You hit the ogre but do no damage.
The ogre is poisoned.
The ogre is severely wounded.
You closely miss the ogre.
The ogre is severely wounded.
The ogre closely misses you.
You hit the ogre but do no damage.
The ogre looks as sick as possible!
The ogre is severely wounded.
The ogre hits you with a +0 giant club!!
Ouch! That really hurt!
You die...

#.# ### #.# #.#
#.# #.# #######.#
........#
.######.######...
.........@.......
..#######O#######
#.# #.# +.+ #.#
#.# #.#


You could see an ogre (extremely poisoned).

Vanquished Creatures
  An adder (D:2)
  6 ball pythons
  3 bats
  4 endoplasms
  A giant cockroach (D:1)
  2 goblins (D:2)
  4 hobgoblins
  3 jackals (D:2)
  2 kobolds (D:2)
  2 quokkas
  5 rats (D:1)
33 creatures vanquished.

Vanquished Creatures (others)
  95 foxfires
95 creatures vanquished.

Grand Total: 128 creatures vanquished

Notes
Turn   | Place    | Note
-------+----------+-------------------------------------------
     0 | D:1      | Descartes the Spriggan Wanderer began the quest for the
                  | Orb.
     0 | D:1      | Descartes set off with the following items: a +0
                  | quarterstaff, a lightning rod (4/4), a +0 robe; and the
                  | following spell memorised: Foxfire; and the following
                  | spells available to memorise: Ignite Poison
     0 | D:1      | Reached XP level 1. HP: 10/10 MP: 3/3
   322 | D:1      | Reached XP level 2. HP: 14/14 MP: 3/5
   566 | D:1      | Reached skill level 1 in Fire Magic
  1113 | D:2      | Reached skill level 1 in Conjurations
  1625 | D:2      | Reached XP level 3. HP: 18/18 MP: 3/6
  1855 | D:2      | Found a faded altar of an unknown god.
  2062 | D:3      | Noticed Natasha
  2450 | D:3      | Noticed an ogre
  2459 | D:3      | Mangled by an ogre

Illustrated notes

Levels and vault maps discovered:
D:1:      kennysheep_arrival_seaside, layout_loops_ring, minmay_pentomino_r2
D:2:      layout_basic, dilly_ecumenical_altar_fadedgnrine
D:3:      layout_loops_ring, elyvilon_altar_3, minmay_door_square, uniq_natasha

Skill      XL: |  1  2 |
---------------+-------+-----
Fire Magic     | 1 |  1.4
Conjurations   | 1 |  1.3
Fighting       | |  1.5
Staves         | |  2.1
Throwing       | |  1.0
Shields        | |  0.7
Spellcasting   | |  1.3
Air Magic      | |  1.0
Earth Magic    | |  1.0
Evocations     | |  1.3

Action                   || total
-------------------------++-------
Melee: Quarterstaff      ||    17
       Dagger            ||    36
 Cast: Foxfire           ||    58
 Stab: Sleeping          ||     1
Armor: Robe              ||     8
Dodge: Dodged            ||    48
